 Dungeon Crawl Stone Soup version 0.30.2 (webtiles) character file.

Game seed: 10755112983512739259

78 porpoise the Shooter (level 4, -1/39 HPs)
             Began as a Minotaur Hunter on Feb 23, 2024.
             Slain by a gnoll
             ... wielding a +0 flail
              (6 damage)
             ... on level 3 of the Dungeon.
             The game lasted 00:03:34 (1671 turns).

porpoise the Shooter (Minotaur Hunter)              Turns: 1671, Time: 00:03:36

Health: -1/39      AC:  3    Str: 16    XL:     4   Next: 15%
Magic:  3/3        EV:  3    Int:  6    God:
Gold:   108        SH:  0    Dex: 15    Spells: 3/3 levels left

rFire   . . .        a - +0 shortbow
rCold   . . .        (shield currently unavailable)
rNeg    . . .        c - +0 leather armour
rPois   .            (helmet restricted)
rElec   .            (no cloak)
rCorr   .            (no gloves)
SInv    .            (no boots)
Will    .....        (no amulet)
Stlth   +            (no ring)
HPRegen 0.26/turn    (no ring)
MPRegen 0.08/turn

%: no passive effects
@: lethally poisoned (-1 -> -8), held, constricted
A: horns 2, retaliatory headbutt
a: no special abilities


You were on level 3 of the Dungeon.
You visited 1 branch of the dungeon, and saw 3 of its levels.

You collected 108 gold pieces.

Inventory:

Hand Weapons
 a - a +0 shortbow (weapon)
 b - a +0 rapier
Missiles
 n - 2 javelins
Armour
 c - a +0 leather armour (worn)
Scrolls
 d - 3 scrolls of immolation
 e - a scroll of identify {unknown}
 f - a scroll of enchant weapon {unknown}
 g - a scroll of blinking
 k - a scroll of fear {unknown}
 p - a scroll of acquirement {unknown}
 q - a scroll of amnesia {unknown}
 r - 2 scrolls of enchant armour {unknown}
Potions
 h - 2 potions of curing {unknown}
 i - 2 potions of ambrosia {unknown}
 j - 2 potions of brilliance {unknown}
 l - a potion of heal wounds {unknown}
 m - a potion of might {unknown}
 o - a potion of flight {unknown}


   Skills:
 + Level 3.6 Fighting
 * Level 5.7 Ranged Weapons
 - Level 2.1 Dodging
 - Level 0.7 Stealth


You had 3 spell levels left.
You didn't know any spells.
Your spell library contained the following spells:

 Spells                   Type           Power      Damage    Failure   Level
 Magic Dart               Conj           0%         1d3       52%         1
 Call Imp                 Summ           0%         N/A       67%         2
 Mephitic Cloud           Conj/Pois/Air  0%         N/A       88%         3


Dungeon Overview and Level Annotations

Branches:
Dungeon (3/15)

Altars:

Shops:
D:1 [


Innate Abilities, Weirdness & Mutations

You have a pair of horns on your head.
You reflexively headbutt those who attack you in melee.


Message History

No target in view!
Found 17 gold pieces.
A bat comes into view.
A sourceless malevolence fills the Dungeon... and a teleportation trap spontaneously manifests!
You are yanked towards some nearby monsters!
Your surroundings suddenly seem different. 3 gnolls and an adder come into view.
Found a dark potion.
Found an escape hatch in the ceiling.
The gnoll shouts! x2
The gnoll throws a stone.
The stone hits you.
A ball python comes into view.
The bat moves out of view.
The adder hisses angrily.
Blink to where?
Press: ? - help, Dir - move target A gnoll and 2 hobgoblins come into view.
As you read the scroll labelled QALELONEUC, it crumbles to dust.
It was a scroll of blinking.
The gnoll shouts!
The hobgoblin shouts!
The gnoll hits you with a +0 whip.
The gnoll throws a throwing net.
The throwing net closely misses you.
The gnoll throws a throwing net.
The throwing net hits you.
You become entangled in the net!
You stop ascending the stairs.
The gnoll hits you with a +0 whip.
Unknown command.
You struggle against the net.
The gnoll hits you with a +0 flail! The gnoll hits you but does no damage.
You struggle against the net.
The gnoll barely misses you. The gnoll hits you with a +0 flail!
* * * LOW HITPOINT WARNING * * *
The gnoll hits you with a +0 whip.
* * * LOW HITPOINT WARNING * * *
The adder barely misses you.
You struggle against the net.
The ball python bites you.
* * * LOW HITPOINT WARNING * * *
The ball python grabs you. The ball python constricts you. The adder bites you.
* * * LOW HITPOINT WARNING * * *
You are lethally poisoned!
The adder poisons you! The gnoll hits you with a +0 flail.
You die...

. ....#....
......
..........#....#
#..b
..............#
....
..............#
....g.g........
................
........g....###.
.....gSgS..!...
.# .......@g...#
# ........(.#.#
###..#....# #.
#..### .. #..# ##
#.## ##


You could see 4 gnolls, an adder, 2 hobgoblins and a ball python.

Vanquished Creatures
  2 adders (D:2)
  A worm (D:2)
  2 dart slugs (D:1)
  3 ball pythons
  9 endoplasms
  2 giant cockroaches
  7 hobgoblins
  4 quokkas
  5 bats
  A frilled lizard (D:2)
  4 goblins
  4 kobolds (D:1)
  3 rats
47 creatures vanquished.

Notes
Turn   | Place    | Note
-------+----------+-------------------------------------------
     0 | D:1      | porpoise the Minotaur Hunter began the quest for the Orb.
     0 | D:1      | Reached XP level 1. HP: 18/18 MP: 0/0
   122 | D:1      | Reached XP level 2. HP: 25/25 MP: 1/1
   200 | D:1      | Found Rynut's Armour Shop.
   257 | D:1      | Reached skill level 5 in Ranged Weapons
   675 | D:1      | Reached XP level 3. HP: 31/31 MP: 2/2
  1185 | D:2      | Reached XP level 4. HP: 38/38 MP: 3/3
  1671 | D:3      | Slain by a gnoll

Illustrated notes

Levels and vault maps discovered:
D:1:      wheals_arrival_linesprint, layout_loops_ring, serial_shops, shop
D:2:      layout_loops_ring
D:3:      layout_rooms, mainiacjoe_overflow_large_starburst,
          hangedman_abyss_or_decor_lesser_grid

Skill      XL: |  1  2 |
---------------+-------+-----
Ranged Weapons | 5 |  5.7
Fighting       | 3 |  3.6
Dodging        | |  2.1
Stealth        | |  0.7

Action                     |  1- 3 |  4- 6 || total
---------------------------+-------+-------++-------
   Fire: Shortbow          |   116 |    15 ||   131
    Use: Scroll            |       |     1 ||     1
 Armour: Leather armour    |     6 |     1 ||     7
  Dodge: Dodged            |    30 |     5 ||    35
